 Dungeon Crawl Stone Soup version 0.29-a0-919-gd064cfad1c (webtiles) character file.

Game seed: 9512423404565263071

136 Vibber the Trooper (level 4, -3/41 HPs)
             Began as a Draconian Cinder Acolyte on July 26, 2022.
             Was an Initiate of Ignis.
             Slain by an ice beast (4 damage)
             ... on level 7 of the Dungeon.
             The game lasted 00:09:46 (4584 turns).

Vibber the Trooper (Draconian Cinder Acolyte)       Turns: 4584, Time: 00:09:46

Health: -3/41      AC:  5    Str: 18      XL:     4   Next: 98%
Magic:  5/5        EV: 11    Int: 15      God:    Ignis [......]
Gold:   85         SH:  0    Dex:  5 (6)  Spells: 5/5 levels left

rFire   + . .      SeeInvis .   a - -1 short sword (flame)
rCold   . . .      Faith    .   (no shield)
rNeg    . . .      Spirit   .   (body armour unavailable)
rPois   .          Reflect  .   (helmet restricted)
rElec   .          Harm     .   (no cloak)
rCorr   +          Rampage  .   (no gloves)
Will    +....                   (no boots)
Stlth   +.........              (no amulet)
HPRegen 0.13/turn               d - ring of resist corrosion
MPRegen 0.09/turn               j - ring of willpower

@: lethally poisoned (-3 -> -12), about to teleport, slowed, very slow
A: AC +5, unfitting armour, cold-blooded
a: Renounce Religion


You were on level 7 of the Dungeon.
You worshipped Ignis.
Ignis was noncommittal.
You visited 1 branch of the dungeon, and saw 5 of its levels.

You collected 85 gold pieces.

Inventory:

Hand Weapons
 a - a -1 short sword of flaming (weapon)
 h - a +0 sling
Armour
 e - a +0 ring mail
 g - a +0 robe
Jewellery
 d - a ring of resist corrosion (left hand)
 j - a ring of willpower (right hand)
Scrolls
 b - a scroll of vulnerability
 c - 2 scrolls of identify
Potions
 f - a potion of heal wounds {unknown}


   Skills:
 + Level 4.3 Fighting
 + Level 4.1 Short Blades
 + Level 1.8 Dodging
 + Level 0.9 Stealth
 + Level 1.0 Spellcasting
 + Level 3.2 Fire Magic


You had 5 spell levels left.
You didn't know any spells.
Your spell library contained the following spells:

 Spells                   Type           Power      Damage    Failure   Level
 Scorch                   Fire           20%        2d6       10%         2


Dungeon Overview and Level Annotations

Branches:
Dungeon (7/15)
 Temple: D:4-7

Altars:
Fedhas
Hepliaklqana
Makhleb
Vehumet
Zin
The Shining One


Innate Abilities, Weirdness & Mutations

Your plain brown scales are hard. (AC +5)
You cannot fit into any form of body armour.
You are cold-blooded and may be slowed by cold attacks.


Message History

Found 9 stones.
An orc comes into view. It is wielding a +0 whip.
A hound comes into view.
The hound barks!
There is a stone staircase leading down here.
The hound pauses to sniff the ground.
You climb downwards.
There is a stone staircase leading up here.
You open the door.
An ice beast comes into view.
Found a scroll of teleportation.
A hornet comes into view.
The hornet buzzes angrily.
A white imp comes into view.
Found a lumpy golden potion.
The white imp shouts!
The hornet stings you!
You feel yourself slow down. The hornet completely misses you.
You see here a scroll of teleportation.
i - a scroll of teleportation The hornet stings you.
You feel as though you will be slow longer.
A howler monkey comes into view.
The white imp hits you. The white imp freezes you.
You feel as though you will be slow longer.
* * * LOW HITPOINT WARNING * * *
The hornet stings you.
* * * LOW HITPOINT WARNING * * *
You are lethally poisoned!
You feel as though you will be slow longer.
There are no items here.
As you read the scroll of teleportation, it crumbles to dust.
You feel strangely unstable.
* * * LOW HITPOINT WARNING * * *
You feel very sick.
The howler monkey howls!
The hornet barely misses you.
The howler monkey hoots and howls with incredible vigour!
The ice beast hits you.
You die...

.... .... ..... ##
..... #.. #####......
..#...######...#......
.!.....@Y..#<..'......
.......y5#.#...#......
.........#...Y.# .....
.........####### ####
#+###+#..h #####


You could see a hornet, an ice beast, a howler monkey (catching breath) and a
white imp.

Vanquished Creatures
  A scorpion (D:6)
  A gnoll (D:2)
  3 adders
  A worm (D:3)
  A dart slug (D:1)
  5 endoplasms
  2 giant cockroaches (D:2)
  3 goblins
  7 hobgoblins
  A quokka (D:1)
  A ball python (D:2)
  2 bats
  5 frilled lizards
  4 kobolds
37 creatures vanquished.

Vanquished Creatures (others)
  49 foxfires
49 creatures vanquished.

Grand Total: 86 creatures vanquished

Notes
Turn   | Place    | Note
-------+----------+-------------------------------------------
     0 | D:1      | Vibber the Draconian Cinder Acolyte began the quest for the
                  | Orb.
     0 | D:1      | Reached XP level 1. HP: 19/19 MP: 2/2
   239 | D:1      | Reached XP level 2. HP: 21/26 MP: 3/3
   465 | D:1      | Found a faded altar of an unknown god.
  1065 | D:1      | You fall into a shaft and drop 1 floor!
  1126 | D:2      | Reached XP level 3. HP: 32/33 MP: 4/4
  1723 | D:2      | Reached skill level 1 in Dodging
  4231 | D:3      | Reached XP level 4. HP: 23/40 MP: 5/5
  4417 | D:3      | Found a burning altar of Makhleb.
  4417 | D:3      | Found a glowing golden altar of the Shining One.
  4427 | D:3      | Found a hazy altar of Hepliaklqana.
  4430 | D:3      | Found a blossoming altar of Fedhas.
  4433 | D:3      | Found a glowing silver altar of Zin.
  4440 | D:3      | Found a radiant altar of Vehumet.
  4463 | D:3      | You fall into a shaft and drop 3 floors!
  4480 | D:6      | Noticed a scorpion
  4493 | D:6      | Killed a scorpion
  4552 | D:6      | Noticed a black bear
  4571 | D:7      | Noticed an ice beast
  4579 | D:7      | Noticed a hornet
  4584 | D:7      | HP: 1/41 [poisoned by a hornet]
  4584 | D:7      | Slain by an ice beast

Illustrated notes

Levels and vault maps discovered:
D:1:      minmay_arrival_solitary_statue, layout_rooms, basic_ecumenical_altar
D:2:      layout_basic, minmay_circle_x
D:3:      minmay_spotlight, layout_basic, nicolae_overflow_hallway_of_the_gods,
          hex_medium, kennysheep_minor_cross
D:6:      layout_loops_cross, minmay_misc_feat_room, uniq_maggie
D:7:      layout_basic, minmay_temple_entry_mist

Skill      XL: |  1  2  3  4 |
---------------+-------------+-----
Fighting       | 4 |  4.3
Dodging        | 1 |  1.8
Short Blades   | 4 |  4.1
Stealth        | |  0.9
Spellcasting   | |  1.0
Fire Magic     | |  3.2

Action                   |  1- 3 |  4- 6 || total
-------------------------+-------+-------++-------
Melee: Short sword       |   167 |     4 ||   171
       Tailslap          |    17 |     1 ||    18
Invok: Foxfire Swarm     |     3 |     4 ||     7
       Fiery Armour      |     2 |     1 ||     3
       Rising Flame      |     1 |       ||     1
  Use: Scroll            |     3 |     2 ||     5
       Potion            |     1 |       ||     1
Armor: Skin              |    43 |     5 ||    48
Dodge: Dodged            |   115 |     6 ||   121

Table legend: (Time is in decaauts)
 A = Elapsed time spent in this place.
 B = Non-inter-level travel time spent in this place.
 C = Inter-level travel time spent in this place.
 D = Time resting spent in this place.
 E = Time spent auto-exploring this place.
 F = Levels seen in this place.
 G = Mean time per level.
                   A        B        C        D        E       F      G
               +--------+--------+--------+--------+--------+-----+--------+
         Total |   4574 |   4574 |      0 |   2282 |   1819 |   5 |  914.8 |
       Dungeon |   4574 |   4574 |      0 |   2282 |   1819 |   5 |  914.8 |
               +--------+--------+--------+--------+--------+-----+--------+

Top non-repeatable levels by time:
     D:2: 3176 daAuts
     D:1: 1005 daAuts
     D:3: 272 daAuts
     D:6: 104 daAuts
     D:7: 16 daAuts
